[Event "SVK Extraliga 2019-20"]
[Site "Slovakia"]
[Date "2019.11.24"]
[Round "4.6"]
[White "Briestensky, Rastislav"]
[Black "Hros, Roman"]
[Result "1/2-1/2"]
[ECO "A56"]
[WhiteElo "2352"]
[BlackElo "2192"]
[Annotator "NA"]
[PlyCount "211"]
[EventDate "2019.10.19"]
[EventType "team-tourn"]
[EventCountry "SVK"]
[SourceTitle "playchess.com"]
[Source "ChessBase"]
[SourceQuality "1"]
[WhiteTeam "Slovan"]
[BlackTeam "Liptovska"]
[TimeControl "40/5400+30:1800+30"]

1. d4 Nf6 2. c4 c5 3. dxc5 e6 4. Nc3 Bxc5 5. a3 O-O 6. e3 d5 7. b4 d4 8. Na4 dxe3 9. Qxd8 exf2+ 10. Ke2 fxg1=Q 11. Rxg1 Rxd8 12. Nxc5 Nc6 13. Nb3 e5 14. Bb2 Bf5 15. h3 Bc2 16. Nc5 b6 17. Na6 Rac8 18. Rc1 Bg6 19. Ke3 Nd4 20. Rc3 Ne4 21. c5 Nxc3 22. Bxc3 Nc2+ 23. Kf2 Bd3 24. Bxe5 bxc5 25. Nxc5 Bxf1 26. Rxf1 f6 27. Bf4 a5 28. Nb7 Rd4 29. Be3 Re4 30. Bc1 axb4 31. Nd6 Rce8 32. Nxe8 Rxe8 33. axb4 Nxb4 34. Rd1 Nc6 35. Bf4 Rd8 36. Rxd8+ Nxd8 37. Kf3 Kf7 38. Ke4 Ke6 39. Bc1 Nf7 40. h4 h5 41. Ba3 Nh6 42. g3 Ng4 43. Bc5 Ne5 44. Bd4 g6 45. Bc3 Nc6 46. Kf4 Ne7 47. Bd2 Nd5+ 48. Ke4 f5+ 49. Kf3 Ke5 50. Bh6 f4 51. gxf4+ Ke6 52. Bg7 Kf5 53. Be5 Ne7 54. Bc3 Nc6 55. Bg7 Nb4 56. Bh6 Nd5 57. Bg5 Nc7 58. Bh6 Ne6 59. Bg5 Nd4+ 60. Ke3 Nb5 61. Kf3 Ke6 62. Ke4 Nd6+ 63. Ke3 Kd5 64. Kd3 Ne4 65. Be7 Ng3 66. Bg5 Ke6 67. Ke3 Kd5 68. Kd3 Nf5 69. Bd8 Nd4 70. Bg5 Ne6 71. Bh6 Nc5+ 72. Ke3 Ke6 73. Kd4 Nd7 74. Ke4 Nf6+ 75. Kf3 Ng4 76. Bg5 Kd5 77. Bd8 Nh6 78. Bg5 Nf5 79. Bf6 Ke6 80. Bg5 Nd6 81. Bd8 Nf7 82. Bc7 Kd5 83. Bb6 Nd6 84. Bd8 Kd4 85. Bf6+ Kd3 86. f5 Nxf5 87. Kf4 Ke2 88. Kg5 Kf3 89. Kxg6 Kg4 90. Bd8 Nxh4+ 91. Kh6 Nf5+ 92. Kg6 Ne3 93. Bf6 Nd5 94. Bd8 Nf4+ 95. Kh6 Ne6 96. Bf6 Nf8 97. Be7 Nd7 98. Bd8 Ne5 99. Bf6 Nf7+ 100. Kg6 Nd6 101. Kh6 Nf5+ 102. Kg6 Ne3 103. Be7 Nd5 104. Bd8 Nf4+ 105. Kh6 Kf5 106. Bg5 1/2-1/2

[Event "SVK Extraliga 2019-20"]
[Site "Slovakia"]
[Date "2019.11.24"]
[Round "4.6"]
[White "Najgebauer, Szemjon"]
[Black "Druska, Juraj"]
[Result "0-1"]
[ECO "A46"]
[WhiteElo "2166"]
[BlackElo "2472"]
[Annotator "ChessBase"]
[PlyCount "84"]
[EventDate "2019.10.19"]
[EventType "team-tourn"]
[EventCountry "SVK"]
[SourceTitle "playchess.com"]
[Source "ChessBase"]
[SourceQuality "1"]
[WhiteTeam "Košice"]
[BlackTeam "Zilina"]
[TimeControl "40/5400+30:1800+30"]

1. d4 Nf6 2. Nf3 e6 3. c4 d5 4. cxd5 exd5 5. Bf4 Bd6 6. Bxd6 Qxd6 7. Nc3 O-O 8. e3 Bf5 9. Be2 h6 10. Rc1 c6 11. O-O Nbd7 12. a3 Rfe8 13. h3 Qe6 14. Re1 a5 15. Bf1 g5 16. Bd3 Bxd3 17. Qxd3 Ne4 18. Nd2 Nxd2 19. Qxd2 Nf6 20. f3 Qf5 21. Rf1 Qg6 22. Rce1 Re7 23. Na4 h5 24. Nc5 g4 25. Nd3 Rae8 26. Ne5 Qg5 27. hxg4 hxg4 28. Nxg4 Nxg4 29. fxg4 Rxe3 30. Re2 Qe7 31. Ref2 Qe6 32. Qxa5 Re7 33. g5 Qg4 34. Qd8+ Kg7 35. Rf4 Qg3 36. Qd6 Qxg5 37. R4f3 Rxf3 38. Rxf3 Re1+ 39. Kh2 Re6 40. Qd7 Rh6+ 41. Rh3 Qf4+ 42. Kh1 Re6 0-1

[Event "SVK Extraliga 2019-20"]
[Site "Slovakia"]
[Date "2019.11.24"]
[Round "4.6"]
[White "Bochnicka, Vladimir"]
[Black "Zambor, Norbert"]
[Result "0-1"]
[ECO "B30"]
[WhiteElo "2087"]
[BlackElo "2288"]
[Annotator "NA"]
[PlyCount "78"]
[EventDate "2019.10.19"]
[EventType "team-tourn"]
[EventCountry "SVK"]
[SourceTitle "playchess.com"]
[Source "ChessBase"]
[SourceQuality "1"]
[WhiteTeam "Bratislava"]
[BlackTeam "Prakovce"]
[TimeControl "40/5400+30:1800+30"]

1. e4 c5 2. Nf3 Nc6 3. Nc3 Nf6 4. d4 cxd4 5. Nxd4 e5 6. Ndb5 d6 7. Bg5 a6 8. Na3 Be6 9. Nc4 Rc8 10. Ne3 Be7 $11 11. Bxf6 Bxf6 12. Ncd5 Bg5 13. c3 O-O 14. Be2 Ne7 15. Nxe7+ Bxe7 16. O-O Qb6 17. b3 Rxc3 18. Bc4 Rxe3 19. fxe3 Qxe3+ 20. Kh1 Qxe4 21. Bxe6 fxe6 22. Rxf8+ Bxf8 23. Rc1 d5 24. h3 Qf5 25. Qe2 e4 26. Rf1 Qg6 27. Qf2 Be7 28. Qf4 h6 29. Rc1 Kh7 30. Rc8 Qf5 31. Qxf5+ exf5 32. Rc7 Bf6 33. Rc5 e3 34. Rc8 d4 35. Re8 Kg6 36. Kg1 d3 37. Kf1 e2+ 38. Kf2 Bh4+ 39. g3 Bxg3+ 0-1

[Event "SVK Extraliga 2019-20"]
[Site "Slovakia"]
[Date "2019.11.24"]
[Round "4.7"]
[White "Jurcik, Martin"]
[Black "Tropp, Lukas"]
[Result "1/2-1/2"]
[ECO "A15"]
[WhiteElo "2360"]
[BlackElo "2123"]
[Annotator "NA RC"]
[PlyCount "24"]
[EventDate "2019.10.19"]
[EventType "team-tourn"]
[EventCountry "SVK"]
[SourceTitle "playchess.com"]
[Source "ChessBase"]
[SourceQuality "1"]
[WhiteTeam "Zilina"]
[BlackTeam "Košice"]
[TimeControl "40/5400+30:1800+30"]

1. c4 Nf6 2. Nf3 e6 3. Nc3 d5 4. e3 Be7 5. b3 c5 6. cxd5 exd5 7. Bb5+ Nc6 8. Bb2 O-O 9. Rc1 Bg4 10. Bxc6 bxc6 11. Na4 Ne4 12. Qc2 Bd6 1/2-1/2

[Event "SVK Extraliga 2019-20"]
[Site "Slovakia"]
[Date "2019.11.24"]
[Round "4.7"]
[White "Danada, Tomas"]
[Black "Bochnickova, Andrea"]
[Result "1-0"]
[ECO "A57"]
[WhiteElo "2263"]
[BlackElo "2122"]
[Annotator "NA"]
[PlyCount "81"]
[EventDate "2019.10.19"]
[EventType "team-tourn"]
[EventCountry "SVK"]
[SourceTitle "playchess.com"]
[Source "ChessBase"]
[SourceQuality "1"]
[WhiteTeam "Prakovce"]
[BlackTeam "Bratislava"]
[TimeControl "40/5400+30:1800+30"]

1. d4 Nf6 2. c4 c5 3. d5 b5 4. Nf3 d6 5. cxb5 a6 6. e3 g6 7. Nc3 Bg7 8. a4 O-O 9. Ra3 Nbd7 ({Black should play} 9... e6 $14) 10. Qb3 $14 Bb7 11. e4 Re8 12. Bd3 e6 13. dxe6 Rxe6 14. O-O h6 15. Rd1 axb5 16. axb5 Nb6 17. Be3 Qe7 18. Rxa8+ Bxa8 19. Na4 Nxa4 20. Qxa4 Bxe4 21. Bxe4 Rxe4 22. Qa8+ Kh7 23. Bd2 Qe8 24. Qc6 Qxc6 25. bxc6 Re8 26. Ba5 d5 27. c7 Rc8 28. g3 Bf8 29. b4 cxb4 30. Nd4 Bc5 31. Nb5 b3 32. Rb1 Ne4 33. Rxb3 Bxf2+ 34. Kg2 Bc5 35. Rd3 Nf6 36. Bc3 Ne4 37. Be5 f6 38. Rxd5 fxe5 39. Rd7+ Kg8 40. Rd8+ Kf7 41. Rxc8 1-0

[Event "SVK Extraliga 2019-20"]
[Site "Slovakia"]
[Date "2019.11.24"]
[Round "4.7"]
[White "Federic, Jozef"]
[Black "Farkas, Gabor"]
[Result "1/2-1/2"]
[ECO "D02"]
[WhiteElo "2209"]
[BlackElo "2355"]
[Annotator "NA"]
[PlyCount "195"]
[EventDate "2019.10.19"]
[EventType "team-tourn"]
[EventCountry "SVK"]
[SourceTitle "playchess.com"]
[Source "ChessBase"]
[SourceQuality "1"]
[WhiteTeam "Modra"]
[BlackTeam "Streda"]
[TimeControl "40/5400+30:1800+30"]

1. d4 d5 2. Nf3 Nf6 3. g3 c6 4. Bg2 Bf5 5. O-O e6 6. b3 Nbd7 7. Bb2 Be7 8. Nbd2 O-O 9. c4 a5 10. a3 Ne4 11. Rc1 h6 12. Ne1 Nxd2 13. Qxd2 Nf6 14. Nd3 Ne4 15. Qd1 Bg5 16. e3 Nd6 17. a4 Be4 18. Ba3 Bxg2 19. Kxg2 Re8 20. h4 Bf6 21. h5 Be7 22. Ne5 Ne4 23. Bxe7 Qxe7 24. f3 Nf6 25. g4 Nd7 26. Nxd7 Qxd7 27. f4 dxc4 28. Rxc4 Qd5+ 29. Qf3 Qxf3+ 30. Kxf3 Kf8 31. Rc5 Ke7 32. g5 Rh8 33. Rg1 Ra6 34. gxh6 gxh6 35. f5 Rb6 36. Rxa5 Rxb3 37. fxe6 fxe6 38. Rg7+ Kd6 39. Rg6 b5 40. axb5 Rxb5 41. Rxb5 cxb5 42. Ke4 Rc8 43. Rxh6 b4 44. Rg6 b3 45. Rg1 Rh8 46. Rb1 Rxh5 47. Rxb3 Rh4+ 48. Kd3 Rh1 49. Rb6+ Kd7 50. Ra6 Rh3 51. Ra7+ Kd6 52. Rg7 Kd5 53. Rd7+ Kc6 54. Rd8 Kc7 55. Rf8 Kd6 56. Ke4 Rh4+ 57. Kf3 Rh3+ 58. Kf4 Rh1 59. Rd8+ Ke7 60. Rg8 Rf1+ 61. Ke5 Rf5+ 62. Ke4 Rh5 63. Rg3 Rh1 64. Kf4 Rf1+ 65. Rf3 Rh1 66. e4 Rh4+ 67. Ke3 Rh1 68. e5 Ra1 69. Rf6 Re1+ 70. Kd2 Rh1 71. Rg6 Rh3 72. Rg7+ Ke8 73. Rc7 Kd8 74. Rc3 Rh1 75. Kd3 Rd1+ 76. Kc4 Kd7 77. Ra3 Rc1+ 78. Kd3 Rd1+ 79. Ke3 Re1+ 80. Kd2 Rh1 81. Ra7+ Kc6 82. Ke3 Re1+ 83. Kf4 Rf1+ 84. Kg5 Kd5 85. Rd7+ Ke4 86. Kg6 Rf2 87. Rf7 Rh2 88. Kf6 Rh6+ 89. Kg5 Rh1 90. Rd7 Rf1 91. Kg6 Rf2 92. Rd6 Rf4 93. Rxe6 Kxd4 94. Re7 Kd5 95. e6 Kd6 96. Re8 Rf1 97. e7 Rg1+ 98. Kf6 {[%emt 0:00:43] Ke5+} 1/2-1/2

[Event "SVK Extraliga 2019-20"]
[Site "Slovakia"]
[Date "2019.11.24"]
[Round "4.7"]
[White "Motycakova, Monika"]
[Black "Zetocha, Claudiu"]
[Result "0-1"]
[ECO "B81"]
[WhiteElo "2130"]
[BlackElo "2299"]
[Annotator "NA"]
[PlyCount "72"]
[EventDate "2019.10.19"]
[EventType "team-tourn"]
[EventCountry "SVK"]
[SourceTitle "playchess.com"]
[Source "ChessBase"]
[SourceQuality "1"]
[WhiteTeam "Liptovska"]
[BlackTeam "Slovan"]
[TimeControl "40/5400+30:1800+30"]

1. e4 c5 2. Nf3 e6 3. d4 cxd4 4. Nxd4 Nf6 5. Nc3 d6 6. g4 h6 7. h4 Nc6 8. Be3 Nxd4 9. Bxd4 e5 10. Be3 Bxg4 11. f3 Be6 12. Bb5+ Nd7 13. Qd2 a6 14. Ba4 Be7 15. O-O-O b5 16. Bb3 Bxb3 17. axb3 Nf6 18. Rhg1 Kf8 19. f4 Qc7 20. Qg2 Rg8 21. fxe5 dxe5 22. Nd5 Qc6 23. Bxh6 Ne8 24. Bg5 f6 25. Be3 Bc5 26. Bxc5+ Qxc5 27. h5 Rh8 28. Nxf6 gxf6 29. Rd7 Rc8 30. Kb1 Rc7 31. Rd8 Qe7 32. Ra8 Qe6 33. h6 Rxh6 34. Rxa6 Qxa6 35. Qg8+ Ke7 36. Rg7+ Kd8 0-1

[Event "SVK Extraliga 2019-20"]
[Site "Slovakia"]
[Date "2019.11.24"]
[Round "4.7"]
[White "Sukuba, Zdeno"]
[Black "Vass, Frantisek"]
[Result "0-1"]
[ECO "B13"]
[WhiteElo "2111"]
[BlackElo "2310"]
[Annotator "NA"]
[PlyCount "64"]
[EventDate "2019.10.19"]
[EventType "team-tourn"]
[EventCountry "SVK"]
[SourceTitle "playchess.com"]
[Source "ChessBase"]
[SourceQuality "1"]
[WhiteTeam "Dubnica"]
[BlackTeam "Podhajska"]
[TimeControl "40/5400+30:1800+30"]

1. c4 c6 2. e4 d5 3. exd5 cxd5 4. d4 Nf6 5. Nc3 Nc6 6. Bg5 dxc4 7. d5 Ne5 8. Qd4 Nd3+ 9. Bxd3 cxd3 10. O-O-O Bf5 11. Nf3 h6 12. Bxf6 gxf6 13. Rhe1 Bg7 14. Qb4 O-O 15. Rxe7 b6 16. Rde1 Rc8 17. Kd1 a5 18. Qf4 Rxc3 19. bxc3 Qxd5 20. c4 Qc5 21. Nd4 Bg6 22. Nb3 Qb4 23. Re8 a4 24. Nc1 Qc3 25. Qd2 Qxc4 26. Rxf8+ Bxf8 27. Re8 Kg7 28. Rd8 Bb4 29. Qb2 a3 30. Qb3 Qg4+ 31. f3 Qxg2 32. Nxd3 Qd2# 0-1

[Event "SVK Extraliga 2019-20"]
[Site "Slovakia"]
[Date "2019.11.24"]
[Round "4.8"]
[White "Petran, Peter"]
[Black "Macko, Michal"]
[Result "1/2-1/2"]
[ECO "A00"]
[WhiteElo "2271"]
[BlackElo "2175"]
[Annotator "NA"]
[PlyCount "92"]
[EventDate "2019.10.19"]
[EventType "team-tourn"]
[EventCountry "SVK"]
[SourceTitle "playchess.com"]
[Source "ChessBase"]
[SourceQuality "1"]
[WhiteTeam "Slovan"]
[BlackTeam "Liptovska"]
[TimeControl "40/5400+30:1800+30"]

1. g3 c5 2. Bg2 Nc6 3. e4 g6 4. Ne2 Bg7 5. c3 e6 6. O-O Nge7 7. d4 cxd4 8. cxd4 d5 9. e5 O-O 10. Nd2 b6 11. Nf3 Ba6 12. Bd2 Nf5 13. Bc3 Rb8 14. Bh3 Qd7 15. Bxf5 exf5 16. Re1 Bxe2 17. Qxe2 Nd8 18. Bb4 Re8 19. a4 Ne6 20. Qb5 Qb7 21. Bd6 Rbc8 22. a5 Qc6 23. Qxc6 Rxc6 24. axb6 Rxb6 25. b4 a6 26. Rec1 Bf8 27. Bc5 Rc6 28. h4 h6 29. Ra4 g5 30. hxg5 hxg5 31. Rca1 Bxc5 32. bxc5 Rb8 33. Kg2 Rb3 34. Rxa6 Rxa6 35. Rxa6 g4 36. Nh4 f4 37. Nf5 f3+ 38. Kh2 Kh7 39. Ne3 Rb4 40. Nxg4 Rxd4 41. Nf6+ Kg6 42. Rd6 Nxc5 43. Nxd5+ Kf5 44. Ne7+ Kxe5 45. Nc6+ Kxd6 46. Nxd4 Ne4 1/2-1/2

[Event "SVK Extraliga 2019-20"]
[Site "Slovakia"]
[Date "2019.11.24"]
[Round "4.8"]
[White "Gazik, Igor"]
[Black "Kovacik, Emil"]
[Result "1/2-1/2"]
[ECO "A08"]
[WhiteElo "2253"]
[BlackElo "2124"]
[Annotator "NA"]
[PlyCount "55"]
[EventDate "2019.10.19"]
[EventType "team-tourn"]
[EventCountry "SVK"]
[SourceTitle "playchess.com"]
[Source "ChessBase"]
[SourceQuality "1"]
[WhiteTeam "Podhajska"]
[BlackTeam "Dubnica"]
[TimeControl "40/5400+30:1800+30"]

1. e4 e6 2. d3 d5 3. Nd2 c5 4. Ngf3 Nc6 5. g3 Nf6 6. Bg2 Be7 7. O-O O-O 8. Re1 b5 9. e5 Ne8 10. a4 bxa4 11. Rxa4 Bd7 12. Ra1 Qb6 13. Nf1 Nc7 14. c3 Rab8 15. h4 Kh8 16. N1h2 f5 17. exf6 gxf6 18. Ng4 Nd8 19. Ne3 Nc6 20. Nd2 Rbe8 21. f4 Rg8 22. Kh2 Qb8 23. Qf3 d4 24. Nec4 Nd5 25. Ne4 Nb6 26. Ned2 Nd5 27. Ne4 Nb6 28. Ned2 1/2-1/2

[Event "SVK Extraliga 2019-20"]
[Site "Slovakia"]
[Date "2019.11.24"]
[Round "4.8"]
[White "Borhy, Marcell"]
[Black "Sobek, Michal"]
[Result "1-0"]
[ECO "E60"]
[WhiteElo "2228"]
[BlackElo "2082"]
[Annotator "NA"]
[PlyCount "94"]
[EventDate "2019.10.19"]
[EventType "team-tourn"]
[EventCountry "SVK"]
[SourceTitle "playchess.com"]
[Source "ChessBase"]
[SourceQuality "1"]
[WhiteTeam "Streda"]
[BlackTeam "Modra"]
[TimeControl "40/5400+30:1800+30"]

1. d4 Nf6 2. c4 c5 3. d5 b5 4. cxb5 a6 5. bxa6 g6 6. Nc3 Bg7 7. Nf3 O-O 8. g3 d6 9. Bg2 Nxa6 10. O-O Qb6 11. b3 Ne4 12. Nxe4 Bxa1 13. Bg5 Bf5 14. Bxe7 Bxe4 15. Qxa1 Nb4 16. Bxf8 Rxf8 17. Ng5 Bxg2 18. Kxg2 Nxd5 19. Rd1 Qc6 20. Kg1 h6 21. Ne4 Re8 22. Rxd5 Rxe4 23. Rd2 d5 24. Qc3 Re8 25. Qf3 Qe6 26. Rxd5 Qxe2 27. Kg2 c4 28. Rd7 Qxf3+ 29. Kxf3 Rc8 30. bxc4 Rxc4 31. Rd2 Kg7 32. Ke3 Kf6 33. Kd3 Rc1 34. Rc2 Rb1 35. Kc3 Ke6 36. Rd2 Rb8 37. a4 Rb1 38. a5 Ra1 39. Kb4 Rb1+ 40. Ka3 Rb5 41. Ka4 Rb1 42. Rd3 Rb8 43. a6 Ra8 44. Ka5 h5 45. Rb3 Kd6 46. Rb7 f6 47. a7 Kd5 1-0

[Event "SVK Extraliga 2019-20"]
[Site "Slovakia"]
[Date "2019.11.24"]
[Round "4.8"]
[White "Macko, Michal"]
[Black "Petran, Peter"]
[Result "*"]
[ECO "A00"]
[WhiteElo "2175"]
[BlackElo "2271"]
[Annotator "NA"]
[PlyCount "23"]
[EventDate "2019.10.19"]
[EventType "team-tourn"]
[EventCountry "SVK"]
[SourceTitle "playchess.com"]
[Source "ChessBase"]
[SourceQuality "1"]
[WhiteTeam "Liptovska"]
[BlackTeam "Slovan"]
[TimeControl "40/5400+30:1800+30"]

1. g3 c5 2. Bg2 Nc6 3. e4 g6 4. Ne2 Bg7 5. c3 e6 6. O-O Nge7 7. d4 cxd4 8. cxd4 d5 9. e5 O-O 10. Nd2 b6 11. Nf3 Ba6 12. Bd2 *

[Event "SVK Extraliga 2019-20"]
[Site "Slovakia"]
[Date "2019.11.24"]
[Round "4.8"]
[White "Macko, Peter"]
[Black "Kusiak, Matej"]
[Result "0-1"]
[ECO "B11"]
[WhiteElo "2054"]
[BlackElo "2234"]
[Annotator "NA"]
[PlyCount "72"]
[EventDate "2019.10.19"]
[EventType "team-tourn"]
[EventCountry "SVK"]
[SourceTitle "playchess.com"]
[Source "ChessBase"]
[SourceQuality "1"]
[WhiteTeam "Bratislava"]
[BlackTeam "Prakovce"]
[TimeControl "40/5400+30:1800+30"]

1. e4 c6 2. Nc3 d5 3. Nf3 Bg4 4. h3 Bh5 5. exd5 cxd5 6. Bb5+ Nc6 7. g4 Bg6 $11 8. Ne5 Rc8 9. d4 e6 10. h4 f6 11. Nxg6 hxg6 12. Qd3 Kf7 13. Bxc6 Rxc6 14. Bf4 Bb4 15. a3 Bxc3+ 16. bxc3 g5 17. Bg3 Ne7 18. Kd2 gxh4 19. Rxh4 Rxh4 20. Bxh4 Qa5 21. f3 Rc8 22. Bg3 Rh8 23. a4 Rh3 24. Bd6 Nc8 25. Bc5 Qc7 26. Rf1 Qf4+ 27. Kd1 Rh2 28. a5 b6 29. axb6 axb6 30. Ba3 Nd6 31. Bxd6 Qxd6 32. Re1 Qa3 33. Qe3 Qa1+ 34. Qc1 Qxc3 35. Rf1 Qxd4+ 36. Ke1 Qe5+ 0-1

[Event "SVK Extraliga 2019-20"]
[Site "Slovakia"]
[Date "2019.11.24"]
[Round "4.8"]
[White "Nadzamova, Viktoria"]
[Black "Zvarik, Martin"]
[Result "0-1"]
[ECO "C74"]
[WhiteElo "1975"]
[BlackElo "2314"]
[Annotator "NA"]
[PlyCount "112"]
[EventDate "2019.10.19"]
[EventType "team-tourn"]
[EventCountry "SVK"]
[SourceTitle "playchess.com"]
[Source "ChessBase"]
[SourceQuality "1"]
[WhiteTeam "Košice"]
[BlackTeam "Zilina"]
[TimeControl "40/5400+30:1800+30"]

1. e4 e5 2. Nf3 Nc6 3. Bb5 a6 4. Ba4 d6 5. c3 f5 6. d3 Be7 7. b4 Nf6 8. Qe2 O-O 9. O-O Qe8 10. Nbd2 Nh5 11. Bb3+ Kh8 12. Nc4 fxe4 13. dxe4 Bg4 14. Ne3 Nf4 15. Qd1 Qh5 16. Nxg4 Qxg4 17. Bxf4 Rxf4 18. Nd2 Qg6 19. f3 Bg5 20. Qe2 Raf8 21. g3 R4f6 22. Nc4 h5 23. Ne3 Bxe3+ 24. Qxe3 Ne7 25. a4 h4 26. g4 h3 27. Rad1 Qh7 28. Bc4 Ng6 29. Kh1 Nh4 30. Be2 Qg6 31. Qd3 Qf7 32. f4 Rxf4 33. Qxh3 g5 34. Rxf4 Qxf4 35. Bd3 Kg7 36. Rf1 Qd2 37. Rxf8 Kxf8 38. Qf1+ Ke7 39. Bc4 Qf4 40. Qxf4 exf4 41. a5 c6 42. Bg8 Kf6 43. Bh7 d5 44. exd5 cxd5 45. Kg1 Nf3+ 46. Kg2 Nd2 47. Bf5 Nc4 48. Kf3 Nd6 49. Bd7 Ke7 50. Ba4 Ne4 51. Bc2 Nxc3 52. Bd3 Kf6 53. h4 gxh4 54. Kxf4 Ne4 55. b5 h3 56. Kf3 h2 0-1

[Event "SVK Extraliga 2019-20"]
[Site "Slovakia"]
[Date "2020.01.18"]
[Round "5.1"]
[White "Cernousek, Lukas"]
[Black "Hracek, Zbynek"]
[Result "0-1"]
[ECO "E32"]
[WhiteElo "2447"]
[BlackElo "2556"]
[Annotator "ChessBase"]
[PlyCount "84"]
[EventDate "2019.10.19"]
[EventType "team-tourn"]
[EventCountry "SVK"]
[SourceTitle "playchess.com"]
[Source "ChessBase"]
[SourceQuality "1"]
[WhiteTeam "Dubnica"]
[BlackTeam "Zilina"]
[TimeControl "40/5400+30:1800+30"]

1. d4 Nf6 2. c4 e6 3. Nc3 Bb4 4. Qc2 O-O 5. Nf3 c5 6. dxc5 Na6 7. g3 Nxc5 8. Bg2 b6 9. O-O Bb7 10. Nb5 Be4 11. Qd1 Nb7 12. a3 Be7 13. Bf4 Qc8 14. Rc1 a6 15. Nc3 Bc6 16. b4 a5 17. Qb3 axb4 18. axb4 Bd6 19. Be3 Qd8 20. Rfd1 Qe7 21. Rb1 Bc7 22. Nd4 Bxg2 23. Kxg2 Rfc8 24. Ndb5 Bd8 25. Bf4 Nh5 26. Be5 f6 27. Bd6 Nxd6 28. Nxd6 Rcb8 29. Ncb5 f5 30. Ra1 Nf6 31. Qf3 Rxa1 32. Rxa1 Qf8 33. Ra7 Be7 34. Qd3 Ra8 35. Rb7 Rb8 36. Ra7 Ra8 37. Rb7 Rb8 38. Rc7 Qd8 39. Nb7 Qf8 40. N7d6 Qd8 41. Nb7 Qf8 42. N5d6 h6 0-1

[Event "SVK Extraliga 2019-20"]
[Site "Slovakia"]
[Date "2020.01.18"]
[Round "5.1"]
[White "Sahidi, Samir"]
[Black "Petenyi, Tamas"]
[Result "1/2-1/2"]
[ECO "B06"]
[WhiteElo "2396"]
[BlackElo "2428"]
[Annotator "ChessBase"]
[PlyCount "88"]
[EventDate "2019.10.19"]
[EventType "team-tourn"]
[EventCountry "SVK"]
[SourceTitle "playchess.com"]
[Source "ChessBase"]
[SourceQuality "1"]
[WhiteTeam "Bratislava"]
[BlackTeam "Streda"]
[TimeControl "40/5400+30:1800+30"]

1. e4 g6 2. Nf3 Bg7 3. d4 c6 4. Bd3 d6 5. O-O Nf6 6. e5 dxe5 7. dxe5 Nd5 8. h3 O-O 9. a3 Nd7 10. Re1 Nc5 11. Bf1 b5 12. b3 Rb8 13. Bb2 Qc7 14. Nc3 Nxc3 15. Bxc3 Rd8 16. Qc1 Ne6 17. Qe3 c5 18. a4 b4 19. Bb2 Bb7 20. Bc4 Bd5 21. Nd2 Qc6 22. Bxd5 Rxd5 23. Nc4 Rbd8 24. Qf3 Ng5 25. Qe2 Ne6 26. Kh2 R5d7 27. Qe4 Qc7 28. f4 Qb7 29. Qxb7 Rxb7 30. Re4 Rbd7 31. Rae1 h5 32. Kg3 Bh6 33. Kf3 h4 34. Kg4 Rd1 35. Bc1 Rxe1 36. Rxe1 Bxf4 37. Bxf4 Rd4 38. Kxh4 Rxf4+ 39. Kg3 Rf5 40. Re4 Rf1 41. Ne3 Rc1 42. Rc4 Kf8 43. Kf2 Ke8 44. h4 Kd7 1/2-1/2

[Event "SVK Extraliga 2019-20"]
[Site "Slovakia"]
[Date "2020.01.18"]
[Round "5.2"]
[White "Vetoshko, Volodymyr"]
[Black "Zilka, Stepan"]
[Result "1/2-1/2"]
[ECO "A06"]
[WhiteElo "2502"]
[BlackElo "2546"]
[Annotator "ChessBase"]
[PlyCount "192"]
[EventDate "2019.10.19"]
[EventType "team-tourn"]
[EventCountry "SVK"]
[SourceTitle "playchess.com"]
[Source "ChessBase"]
[SourceQuality "1"]
[WhiteTeam "Košice"]
[BlackTeam "Prakovce"]
[TimeControl "40/5400+30:1800+30"]

1. Nf3 d5 2. g3 c6 3. Bg2 Nf6 4. O-O Bf5 5. d3 h6 6. c4 dxc4 7. dxc4 Qxd1 8. Rxd1 Bc2 9. Re1 Bh7 10. Nc3 Nbd7 11. b4 e6 12. a3 a5 13. b5 Bc5 14. Nd2 Ng4 15. Nce4 Be7 16. Bb2 f5 17. Nc3 Nge5 18. Na4 O-O 19. Rac1 f4 20. Nf3 Nxf3+ 21. Bxf3 fxg3 22. hxg3 Nc5 23. Nxc5 Bxc5 24. Rcd1 Rad8 25. Rxd8 Rxd8 26. bxc6 bxc6 27. Bxc6 Bc2 28. Rc1 Bb3 29. Rc3 a4 30. Rd3 Rb8 31. Rd7 Bf8 32. Bb5 Rc8 33. Ra7 Bxc4 34. Bxa4 Rb8 35. Be5 Rb1+ 36. Kg2 Bxe2 37. Bc6 Bf1+ 38. Kh2 Re1 39. Bd4 e5 40. Bd5+ Kh7 41. Bc3 Re2 42. Kg1 Bh3 43. Rf7 Bc5 44. Bc4 Rc2 45. Bd3+ Kg8 46. Rxg7+ Kxg7 47. Bxe5+ Kf7 48. Bxc2 Bxa3 49. Bd4 h5 50. Be4 Be7 51. Kh2 Be6 52. f3 Bd6 53. Kg2 Bc7 54. Kf2 Bd6 55. Be3 Kf6 56. Bc6 Kf7 57. Bg5 Bc5+ 58. Kg2 Bd4 59. Be4 Kg7 60. Bd2 Kf6 61. Ba5 Bf5 62. Bd8+ Kg6 63. Bc6 Kg7 64. Be8 Bg6 65. Bd7 Bf6 66. Bxf6+ Kxf6 67. Kh3 Kg7 68. Kh4 Kh6 69. Bb5 Bf7 70. Be2 Bg6 71. f4 Be8 72. Bc4 Bd7 73. Be2 Be8 74. f5 Bd7 75. Bd3 Bc8 76. Be4 Bd7 77. f6 Be6 78. Bd3 Bd5 79. Bf5 Bc4 80. g4 hxg4 81. Kxg4 Bf7 82. Kf4 Kh5 83. Bd3 Kh6 84. Ke5 Kg5 85. Bf5 Bh5 86. Ke6 Kf4 87. Bd3 Bg4+ 88. Ke7 Bh5 89. Ke6 Bg4+ 90. Kf7 Bf3 91. Bc4 Bh5+ 92. Ke7 Ke5 93. Be2 Bg6 94. Bg4 Be8 95. Be6 Bh5 96. Bf7 Be2 1/2-1/2

[Event "SVK Extraliga 2019-20"]
[Site "Slovakia"]
[Date "2020.01.18"]
[Round "5.2"]
[White "Gazik, Viktor"]
[Black "Antal, Gergely"]
[Result "1-0"]
[ECO "B10"]
[WhiteElo "2501"]
[BlackElo "2563"]
[Annotator "ChessBase"]
[PlyCount "77"]
[EventDate "2019.10.19"]
[EventType "team-tourn"]
[EventCountry "SVK"]
[SourceTitle "playchess.com"]
[Source "ChessBase"]
[SourceQuality "1"]
[WhiteTeam "Podhajska"]
[BlackTeam "Slovan"]
[TimeControl "40/5400+30:1800+30"]

1. e4 c6 2. Nc3 d5 3. Nf3 dxe4 4. Nxe4 Nf6 5. Qe2 Nxe4 6. Qxe4 Nd7 7. Bc4 Nf6 8. Ne5 e6 9. Qe2 b5 10. Nxc6 Qc7 11. Bd3 a6 12. Ne5 Bd6 13. Ng4 Nxg4 14. Qxg4 f5 15. Qh5+ g6 16. Qh3 e5 17. a4 e4 18. Be2 b4 19. d3 Qxc2 20. dxe4 Qxe4 21. Bh6 Kf7 22. Rd1 f4 23. Qf3 Qxf3 24. Bxf3 Re8+ 25. Kf1 Be6 26. Bxa8 Bc4+ 27. Kg1 Bb3 28. Bd5+ Bxd5 29. h4 Ke6 30. Kh2 f3+ 31. g3 Bc4 32. Rd4 Be2 33. Rc1 Be5 34. Rc6+ Kf7 35. Rxb4 Re7 36. Bg5 Rd7 37. Re4 Bxb2 38. Rf4+ Kg7 39. h5 1-0

[Event "SVK Extraliga 2019-20"]
[Site "Slovakia"]
[Date "2020.01.18"]
[Round "5.2"]
[White "Nemeth, Miklos"]
[Black "Bochnicka, Vladimir"]
[Result "1-0"]
[ECO "B33"]
[WhiteElo "2500"]
[BlackElo "2094"]
[Annotator "ChessBase"]
[PlyCount "125"]
[EventDate "2019.10.19"]
[EventType "team-tourn"]
[EventCountry "SVK"]
[SourceTitle "playchess.com"]
[Source "ChessBase"]
[SourceQuality "1"]
[WhiteTeam "Streda"]
[BlackTeam "Bratislava"]
[TimeControl "40/5400+30:1800+30"]

1. e4 c5 2. Nf3 Nc6 3. d4 cxd4 4. Nxd4 Nf6 5. Nc3 e5 6. Ndb5 d6 7. Bg5 a6 8. Na3 b5 9. Bxf6 gxf6 10. Nd5 f5 11. g3 fxe4 12. Bg2 Be6 13. Bxe4 Bg7 14. Qh5 Rc8 15. Rd1 Ne7 16. Nxe7 Qxe7 17. O-O b4 18. Nb1 h6 19. a3 a5 20. axb4 axb4 21. c3 Qd7 22. Rd2 O-O 23. Bd5 Rc5 24. Qd1 Bg4 25. Qb3 e4 26. Bxe4 Re5 27. Qxb4 Rfe8 28. Bc6 Qxc6 29. Qxg4 Re1 30. Rd1 R1e2 31. Nd2 Qb5 32. b3 d5 33. Qf3 Qc5 34. Nb1 d4 35. b4 Qb6 36. cxd4 Qxb4 37. Nc3 Rc2 38. Nd5 Qd6 39. Ne3 Rc3 40. Qg4 Qg6 41. Qxg6 fxg6 42. d5 h5 43. d6 Kf7 44. Rfe1 Rd8 45. Nd5 Rc6 46. Re7+ Kf8 47. Nf4 Rcxd6 48. Rxd6 Rxd6 49. Re6 Rxe6 50. Nxe6+ Kf7 51. Nxg7 Kxg7 52. f3 Kf6 53. Kf2 Kf5 54. Ke3 Ke5 55. Kd3 Kd5 56. h4 Ke5 57. Ke3 Kf5 58. Kd4 Kf6 59. Kd5 Kf5 60. Kd6 Kf6 61. g4 hxg4 62. fxg4 Kf7 63. g5 1-0